 Dungeon Sprint DCSS version 0.17-a0-1831-gaadb308 (webtiles) character file.

10542 Kidiri the Unseen (level 11, -4/42 HPs)
             Began as a Spriggan Enchanter on Sept 14, 2015.
             Was an Elder of Dithmenos.
             Slain by a large slime creature (22 damage)
             ... in the Dungeon (Sprint II: "The Violet Keep of Menkaure").
             The game lasted 00:15:00 (1691 turns).

Kidiri the Unseen (Spriggan Enchanter)              Turns: 1691, Time: 00:15:00

Health: -4/42      AC:  4    Str:  4    XL:     11   Next: 37%
Magic:  17/30      EV: 34    Int: 20    God:    Dithmenos [****..]
Gold:   974        SH:  0    Dex: 20    Spells: 5 memorised, 27 levels left

rFire  . . .     SeeInvis +     a - +2 dagger
rCold  . . .     Clarity  .     b - +2 robe
rNeg   . . .     SustAt   .     (shield restricted)
rPois  +         Gourm    .     (helmet restricted)
rElec  .         Spirit   .     (no cloak)
rCorr  .         Warding  .     (gloves unavailable)
rMut   .         NoTele   +     (boots unavailable)
MR     +....                    l - amulet of Gul Puno {*Corrode rPois Regen+ Int+3 Stlth+}
Stlth  ++++++++++               (no ring)
                                (no ring)

@: flying (expiring), wreathed by umbra, very quick, somewhat resistant to
hostile enchantments, uncannily stealthy
A: unfitting armour, see invisible, herbivore 3, speed 3, frail 1, slow
metabolism 2
a: Shadow Step, Renounce Religion


You were in the Dungeon.
You worshipped Dithmenos.
Dithmenos was greatly pleased with you.
You were not hungry.

You visited 1 branch You collected 1699 gold pieces.
You spent 725 gold pieces at shops.

Inventory:

Hand weapons
 a - a +2 dagger (weapon)
Armour
 b - a +2 robe (worn)
Jewellery
 l - the amulet of Gul Puno (around neck) {*Corrode rPois Regen+ Int+3 Stlth+}
   (You bought it in a shop in the Dungeon)

   [amulet of regeneration]

   It affects your intelligence (+3).
   It protects you from poison.
   It increases your rate of regeneration.
   It may corrode your equipment when you take damage.
   It makes you more stealthy.
Scrolls
 j - 2 scrolls of blinking
 m - 5 scrolls of remove curse
 q - 2 scrolls of enchant armour
 r - a scroll of fog
 u - a scroll of amnesia
Potions
 e - 2 potions of curing
 f - a potion of heal wounds
 g - 2 potions of haste
 h - 3 potions of magic
 n - 2 potions of brilliance
 p - 5 potions of flight
 s - a potion of lignification
 w - 3 potions of resistance
 z - a potion of cancellation
Comestibles
 d - 3 bread rations


   Skills:
 + Level 10.0 Short Blades
 * Level 17.0 Dodging
 * Level 18.5 Stealth
 * Level 14.7 Spellcasting
 + Level 6.6 Conjurations
 + Level 11.3 Hexes
 + Level 7.1 Ice Magic
 + Level 6.3 Invocations


You had 27 spell levels left.
You knew the following spells:

 Your Spells              Type           Power        Failure   Level  Hunger
a - Corona                Hex            ######.      1%          1    None
b - Ensorcelled Hibernat  Hex/Ice        ######       1%          2    None
c - Confuse               Hex            ######..     1%          3    None
d - Tukima's Dance        Hex            ######..     1%          3    None
e - Dazzling Spray        Conj/Hex       ######..     1%          3    None


Dungeon Overview and Level Annotations

Branches:
Dungeon (1/1)

Altars:
Cheibriados
Dithmenos
Elyvilon
Fedhas
Gozag
Kikubaaqudgha
Makhleb
Nemelex Xobeh
Okawaru
Qazlal
Ru
Sif Muna
Trog
Vehumet
Xom
Yredelemnul
Zin
The Shining One
Beogh
Jiyva
Lugonu

Shops:
D :=(=:?[[!*!%?}=?

Annotations:
D exclusions: obsidian statue, oklob plant and orange crystal statue


Innate Abilities, Weirdness & Mutations

You are tiny and cannot use many weapons and most armour.
You have supernaturally acute eyesight.
You are a herbivore.
You cover ground extremely quickly.
You need consume almost no food.
You are frail (-10% HP).


Message History

The spiny frog completely misses you. The unseen horror barely misses you.
Unknown command.
Casting: Dazzling Spray
Confirm with . or Enter, or press ? or * to list all spells.
Aiming: Dazzling Spray
Press: ? - help, Shift-Dir - straight line, f - large slime creature, p - shining eye
Aim: a large slime creature (black smoke, umbra)
The spray of energy hits the large slime creature.
The large slime creature is lightly wounded.
The spray of energy misses the spiny frog.
The spray of energy hits the unseen horror.
The unseen horror is dazzled.
The shining eye turns its gaze towards you.
The unseen horror completely misses you.
The unseen horror hits you. The spiny frog completely misses you.
The spiny frog completely misses you.
The slime creature completely misses you.
The large slime creature hits you!!
Ouch! That really hurt!
You die...

###### ************ #}=!=#
*************
*∩∩,∩∩+,+,,###|Y:G##▓,,,,,+,,,+,,
*******,***#..§xGG§$▓,,,,,*,,,*,*
*,,****+####.YYF@x§.▓,,,,,*,▓▓▓,*
+,**§§§§§§.##⌠GJFJ#+▓**,,,*,..▓,*
***,,§§§§§.§##§§§.#,,*▓▓+▓▓▓▓.▓,*
,+,,,§§8..§§§##''##,,,+§..▓0..▓,,
###,,,.§§§§.##≈..^###,#.§§▓▓▓▓▓▓▓
.≈##,,§§§§,*#.≈.(...###.§.▓§≈≈≈≈≈
#≈≈#+++#+++#####^.^.#%##=)▓▓▓▓▓▓▓
≈≈≈.........#..+....#..#)|▓......
≈≈≈≈.##+##..#%|####.#%%#|[▓.[%...


You could see a great orb of eyes, a large slime creature, a slime creature, 3
shining eyes, 2 yaks, 2 spiny frogs and 2 unseen horrors.

Vanquished Creatures
  A deep elf master archer (D)
  A kraken (D)
  A crystal guardian (D)
  A death yak (D)
  2 hell hogs (D)
  2 deep trolls (D)
  2 death drakes (D)
  A yaktaur (D)
  3 polar bears (D)
  2 wyverns (D)
  2 swamp drakes (D)
  A wasp (D)
  4 brain worms (D)
  5 crocodiles (D)
  A scorpion (D)
  4 worker ants (D)
  3 worms (D)
36 creatures vanquished.

Vanquished Creatures (collateral kills)
  A siren (D)
1 creature vanquished.

Vanquished Creatures (others)
  Menkaure (D)
  15 tentacles (D)
  477 tentacle segments (D)
493 creatures vanquished.

Grand Total: 530 creatures vanquished

Notes
Turn   | Place    | Note
--------------------------------------------------------------
     0 | D        | Kidiri the Spriggan Enchanter began the quest for the Orb.
     0 | D        | Reached XP level 1. HP: 9/9 MP: 5/5
     1 | D        | Noticed a brain worm
     1 | D        | Noticed a brain worm
     1 | D        | Noticed a brain worm
     1 | D        | Noticed a brain worm
     7 | D        | Killed a brain worm
     7 | D        | Reached skill level 6 in Dodging
     7 | D        | Reached skill level 7 in Stealth
     7 | D        | Reached skill level 5 in Spellcasting
     7 | D        | Reached skill level 5 in Hexes
     7 | D        | Reached XP level 2. HP: 13/13 MP: 5/9
     7 | D        | Reached XP level 3. HP: 16/16 MP: 6/11
     7 | D        | Reached XP level 4. HP: 21/21 MP: 6/12
    13 | D        | Learned a level 2 spell: Ensorcelled Hibernation
    17 | D        | Learned a level 3 spell: Confuse
    21 | D        | Learned a level 3 spell: Tukima's Dance
    25 | D        | Learned a level 3 spell: Dazzling Spray
    58 | D        | Noticed a worker ant
    58 | D        | Noticed a worker ant
    58 | D        | Killed Menkaure
    70 | D        | Killed a brain worm
    70 | D        | Reached skill level 8 in Stealth
    70 | D        | Reached skill level 1 in Conjurations
    70 | D        | Reached skill level 1 in Ice Magic
    89 | D        | Killed a brain worm
    89 | D        | Reached skill level 9 in Stealth
    89 | D        | Reached XP level 5. HP: 16/24 MP: 1/15
   192 | D        | Killed a brain worm
   192 | D        | Reached skill level 10 in Stealth
   192 | D        | Reached XP level 6. HP: 28/28 MP: 13/17
   237 | D        | Found Ycahe's Antique Armour Shoppe.
   237 | D        | Found Oqao's Food Shoppe.
   237 | D        | Found Vaduph's Gadget Shoppe.
   237 | D        | Found Fozookk's Antique Armour Emporium.
   237 | D        | Found Zuvvickigoy's Magic Scroll Shoppe.
   237 | D        | Found Pic Aphonwipn's Distillery.
   238 | D        | Found Iserottitu's Jewellery Emporium.
   238 | D        | Found Jyli's General Store.
   238 | D        | Found Xoohas's Distillery.
   238 | D        | Found Moli's Book Shoppe.
   238 | D        | Found Sunoah's Jewellery Emporium.
   273 | D        | Noticed a siren
   286 | D        | Killed a siren
   286 | D        | Reached skill level 5 in Short Blades
   286 | D        | Reached skill level 10 in Dodging
   286 | D        | Reached skill level 11 in Stealth
   401 | D        | Killed a worker ant
   402 | D        | Noticed a worker ant
   402 | D        | Noticed a worker ant
   404 | D        | Killed a worker ant
   404 | D        | Reached XP level 7. HP: 27/32 MP: 15/20
   409 | D        | Killed a worker ant
   415 | D        | Killed a worker ant
   541 | D        | Noticed an obsidian statue
   543 | D        | Noticed a crocodile
   545 | D        | Killed a crocodile
   587 | D        | Noticed an electric eel
   588 | D        | Noticed an electric eel
   588 | D        | Noticed an electric eel
   589 | D        | Noticed an electric eel
   589 | D        | Noticed an electric eel
   592 | D        | Found Pabits's Magic Scroll Shoppe.
   594 | D        | Noticed a scorpion
   596 | D        | Killed a scorpion
   601 | D        | Found Gainliyl's Magic Scroll Emporium.
   604 | D        | Found Juuwinynt's Antique Weapon Shoppe.
   604 | D        | Found Caizel's Jewellery Emporium.
   605 | D        | Noticed a soldier ant
   608 | D        | Noticed a soldier ant
   608 | D        | Noticed a soldier ant
   608 | D        | Noticed an oklob plant
   609 | D        | Found Kikhlopt's Book Shoppe.
   611 | D        | Noticed a redback
   612 | D        | Noticed a redback
   638 | D        | Bought the amulet of Gul Puno {*Corrode rPois Regen+ Int+3 Stlth+} for 581 gold pieces
   669 | D        | Found a bloodstained altar of Trog.
   670 | D        | Found an ancient bone altar of Kikubaaqudgha.
   670 | D        | Found a roughly hewn altar of Beogh.
   670 | D        | Found a blossoming altar of Fedhas.
   671 | D        | Found a stormy altar of Qazlal.
   671 | D        | Found a viscous altar of Jiyva.
   671 | D        | Found a burning altar of Makhleb.
   672 | D        | Found an opulent altar of Gozag.
   672 | D        | Found a basalt altar of Yredelemnul.
   672 | D        | Found a glowing silver altar of Zin.
   673 | D        | Found a radiant altar of Vehumet.
   673 | D        | Found an iron altar of Okawaru.
   673 | D        | Found a glowing golden altar of the Shining One.
   674 | D        | Found a deep blue altar of Sif Muna.
   674 | D        | Found a white marble altar of Elyvilon.
   675 | D        | Found a sparkling altar of Nemelex Xobeh.
   677 | D        | Noticed a yaktaur
   677 | D        | Noticed a wasp
   677 | D        | Noticed a polar bear
   678 | D        | Noticed a polar bear
   678 | D        | Noticed a polar bear
   679 | D        | Killed a polar bear
   679 | D        | Reached skill level 12 in Stealth
   680 | D        | Killed a polar bear
   680 | D        | Reached skill level 10 in Spellcasting
   680 | D        | Reached XP level 8. HP: 36/36 MP: 21/23
   682 | D        | Noticed a crocodile
   685 | D        | Killed a crocodile
   685 | D        | Reached skill level 13 in Stealth
   686 | D        | Killed a wasp
   692 | D        | Killed a yaktaur
   695 | D        | Killed a polar bear
   706 | D        | Found a corrupted altar of Lugonu.
   710 | D        | Found a shimmering altar of Xom.
   711 | D        | Found a sacrificial altar of Ru.
   711 | D        | Found a shadowy altar of Dithmenos.
   711 | D        | Found a snail-covered altar of Cheibriados.
   726 | D        | Became a worshipper of Dithmenos the Shadowed
   748 | D        | Noticed a kraken
   887 | D        | Noticed a crocodile
   945 | D        | Noticed a crocodile
   977 | D        | Noticed a crocodile
  1115 | D        | Killed a kraken
  1115 | D        | Reached skill level 14 in Dodging
  1115 | D        | Reached skill level 15 in Stealth
  1115 | D        | Reached skill level 5 in Conjurations
  1115 | D        | Reached skill level 5 in Ice Magic
  1115 | D        | Reached XP level 9. HP: 39/39 MP: 18/26
  1167 | D        | Killed a crocodile
  1171 | D        | Killed a crocodile
  1180 | D        | Killed a crocodile
  1188 | D        | Noticed a flying skull
  1188 | D        | Noticed a flying skull
  1189 | D        | Noticed a flying skull
  1189 | D        | Noticed a flying skull
  1189 | D        | Noticed a flying skull
  1189 | D        | Noticed a flying skull
  1200 | D        | Noticed an orange crystal statue
  1222 | D        | Noticed a deep troll
  1223 | D        | Noticed a deep troll
  1225 | D        | Killed a deep troll
  1225 | D        | Reached XP level 10. HP: 44/44 MP: 27/27
  1230 | D        | Killed a deep troll
  1230 | D        | Acquired Dithmenos's first power
  1230 | D        | Reached skill level 16 in Stealth
  1230 | D        | Reached skill level 10 in Hexes
  1361 | D        | Noticed a death drake
  1361 | D        | Noticed a swamp drake
  1367 | D        | Noticed a wyvern
  1368 | D        | Noticed a wyvern
  1369 | D        | Killed a wyvern
  1369 | D        | Reached skill level 15 in Dodging
  1371 | D        | Killed a wyvern
  1384 | D        | Noticed a deep elf master archer
  1387 | D        | Noticed a death yak
  1393 | D        | Killed a death yak
  1418 | D        | Noticed a death drake
  1418 | D        | Noticed a crystal guardian
  1418 | D        | Noticed a swamp drake
  1419 | D        | Killed a swamp drake
  1419 | D        | Acquired Dithmenos's second power
  1420 | D        | Killed a swamp drake
  1422 | D        | Killed a death drake
  1422 | D        | Reached skill level 17 in Stealth
  1424 | D        | Killed a death drake
  1424 | D        | Reached skill level 5 in Invocations
  1431 | D        | Killed a crystal guardian
  1431 | D        | Acquired Dithmenos's third power
  1477 | D        | Noticed a hell hog
  1477 | D        | Noticed a hell hog
  1479 | D        | Killed a hell hog
  1479 | D        | Reached XP level 11. HP: 47/47 MP: 30/30
  1481 | D        | Killed a hell hog
  1481 | D        | Reached skill level 18 in Stealth
  1538 | D        | Bought a scroll of identify for 28 gold pieces
  1538 | D        | Bought a scroll of identify for 28 gold pieces
  1538 | D        | Bought a scroll of identify for 28 gold pieces
  1550 | D        | Bought a scroll of identify for 20 gold pieces
  1550 | D        | Bought a scroll of identify for 20 gold pieces
  1550 | D        | Bought a scroll of identify for 20 gold pieces
  1557 | D        | Noticed a fire dragon
  1658 | D        | Killed a deep elf master archer
  1658 | D        | Acquired Dithmenos's fourth power
  1658 | D        | Reached skill level 10 in Short Blades
  1686 | D        | Noticed a yak
  1686 | D        | Noticed a yak
  1686 | D        | Noticed a shining eye
  1686 | D        | Noticed a shining eye
  1686 | D        | Noticed an unseen horror
  1686 | D        | Noticed a yak
  1686 | D        | Noticed a great orb of eyes
  1686 | D        | Noticed a shining eye
  1686 | D        | Noticed a spiny frog
  1686 | D        | Noticed a slime creature
  1686 | D        | Noticed a spiny frog
  1686 | D        | Noticed a slime creature
  1686 | D        | Noticed a slime creature
  1688 | D        | Noticed an unseen horror
  1688 | D        | Gained mutation: You are frail (-10% HP). [a shining eye]
  1691 | D        | Slain by a large slime creature

Vault maps used:
D:        the_violet_keep_of_menkaure

Action                   |  1- 3 |  4- 6 |  7- 9 | 10-12 || total
-------------------------+-------+-------+-------+-------++-------
Melee: Dagger            |     5 |    35 |    41 |    16 ||    97
 Cast: Ensorcelled Hiber |       |    11 |    21 |     4 ||    36
       Dazzling Spray    |       |     2 |    20 |     5 ||    27
       Confuse           |       |     2 |     2 |       ||     4
       Tukima's Dance    |       |     2 |       |       ||     2
Invok: Shadow Step       |       |       |       |     1 ||     1
  Use: Potion            |       |       |     2 |     4 ||     6
       Scroll            |       |       |     1 |    13 ||    14
 Stab: Sleeping          |     1 |     6 |    13 |    11 ||    31
       Invisible         |       |     1 |     6 |       ||     7
       Confused          |       |       |     2 |       ||     2
       Distracted        |       |       |       |     1 ||     1
